 Dungeon Crawl Stone Soup version 0.31-a0-1227-g0136665373 (webtiles) character file.

Game seed: 2366239946515721225

73 Iich the Trooper (level 4, -6/35 HPs)
             Began as a Demonspawn Fighter on Dec 14, 2023.
             Mangled by Terence
             ... wielding a +2 hand axe of electrocution
              (18 damage)
             ... on level 3 of the Dungeon.
             The game lasted 00:03:15 (1871 turns).

Iich the Trooper (Demonspawn Fighter)               Turns: 1871, Time: 00:03:15

Health: -6/35      AC:  9    Str: 18    XL:     4   Next: 8%
Magic:  4/4        EV:  9    Int:  8    God:
Gold:   72         SH:  4    Dex: 13    Spells: 3/3 levels left

rFire   . . .        a - +0 war axe
rCold   . . .        c - +0 buckler
rNeg    . . .        b - +0 scale mail
rPois   +            (no helmet)
rElec   .            k - +2 cloak
rCorr   .            (no gloves)
SInv    .            (no boots)
Will    .....        i - amulet of faith Stlth
                     P - ring of poison resistance
HPRegen 0.25/turn    (no ring)
MPRegen 0.09/turn

%: faith
@: no status effects
A: demonic guardian 1, powered by pain 1
a: no special abilities


You were on level 3 of the Dungeon.
You visited 1 branch of the dungeon, and saw 3 of its levels.

You collected 72 gold pieces.

Inventory:

Hand Weapons
 a - a +0 war axe (weapon)
Armour
 b - a +0 scale mail (worn)
 c - a +0 buckler (worn)
 k - a +2 cloak (worn)
Jewellery
 i - an amulet of faith (around neck)
 P - a ring of poison resistance (left hand)
Scrolls
 e - a scroll of enchant weapon {unknown}
 f - a scroll of fog
 t - a scroll of teleportation
Potions
 d - a potion of might
 g - 2 potions of attraction {unknown}
 h - a potion of resistance {unknown}
 l - a potion of heal wounds
 q - a potion of curing


   Skills:
 + Level 3.5 Fighting
 * Level 3.1 Axes
 - Level 2.6 Armour
 + Level 1.4 Dodging
 - Level 2.6 Shields


You had 3 spell levels left.
You didn't know any spells.
Your spell library contained the following spells:

 Spells                   Type           Power      Damage    Failure   Level
 Necrotise                Necr           0%         1d4       87%         1
 Sandblast                Erth           0%         2d4       87%         1
 Passwall                 Tmut/Erth      0%         N/A       95%         2
 Stone Arrow              Conj/Erth      0%         3d7       99%         3
 Vampiric Draining        Necr           0%         2d6       99%         3
 Brom's Barrelling Bould  Conj/Erth      0%         2d3       100%        4
 Agony                    Necr           0%         N/A       100%        5


Dungeon Overview and Level Annotations

Branches:
Dungeon (3/15)

Altars:
Ru

Shops:
D:1 *

Annotations:
D:3 Terence


Innate Abilities, Weirdness & Mutations

A weak demonic guardian rushes to your aid.
You sometimes gain a little power by taking damage.


Message History

The quokka is severely wounded.
The quokka barely misses you. x2
You hit the quokka.
You kill the quokka!
No target in view!
No target in view!
No target in view!
No target in view!
You pick up a book of Geomancy and begin reading...
You add the spells Sandblast, Passwall, Stone Arrow and Brom's Barrelling Boulder to your library.
Health restored: 35 You open the door.
There is an open door here.
Terence and an endoplasm come into view.
Terence is wielding a +2 hand axe of electrocution.
Found an escape hatch in the ceiling.
Found 6 gold pieces.
You slash Terence!
Terence is severely wounded.
Terence hits you with a +2 hand axe of electrocution.
You take 1 damage, and have 34/35 hp.
You closely miss Terence.
Terence is severely wounded.
Terence closely misses you.
You hit Terence but do no damage.
Terence is severely wounded.
Terence hits you with a +2 hand axe of electrocution.
You are electrocuted!
* * * LOW HITPOINT WARNING * * *
A demonic guardian appears!
Terence hits you with a +2 hand axe of electrocution.
* * * LOW HITPOINT WARNING * * *
Terence barely misses your iron imp.
You take 23 damage, and have 11/35 hp. !!!!--MASSIVE DAMAGE--!!!!
You hit Terence but do no damage.
Terence is severely wounded.
Terence hits you but does no damage.
You are electrocuted!!
Ouch! That really hurt!
You die...
Terence says, "That felt goooood."

#. #. ####### ##.####
#.....# #.....# #.....#
#.....## #.....###
#......#######...†....
+...J..'..............
..#......###########....
#......@## #....
##.....@.....# #....
#......5....# #####
.............# #
#####........# #
#.....<..# #........#
####+#.$.#


You could see Terence (ally target), an endoplasm and a friendly iron imp
(summoned).

Vanquished Creatures
  An adder (D:2)
  2 worms
  5 dart slugs
  2 bats
  2 endoplasms
  2 giant cockroaches (D:1)
  3 goblins (D:1)
  4 hobgoblins
  3 jackals (D:1)
  4 kobolds
  3 quokkas
  6 ball pythons
  4 frilled lizards
  5 rats
46 creatures vanquished.

Vanquished Creatures (collateral kills)
  A hobgoblin (D:2)
1 creature vanquished.

Grand Total: 47 creatures vanquished

Notes
Turn   | Place    | Note
-------+----------+-------------------------------------------
     0 | D:1      | Iich the Demonspawn Fighter began the quest for the Orb.
     0 | D:1      | Reached XP level 1. HP: 18/18 MP: 1/1
    47 | D:1      | Gained mutation: You sometimes gain a little power by
                  | taking damage. [demonic ancestry]
    47 | D:1      | Reached XP level 2. HP: 23/24 MP: 2/2
   360 | D:1      | Reached skill level 1 in Dodging
   397 | D:1      | Gained mutation: A weak demonic guardian rushes to your
                  | aid. [demonic ancestry]
   397 | D:1      | Reached XP level 3. HP: 22/29 MP: 3/3
   705 | D:1      | Found Apaefieb's Assorted Antiques.
  1080 | D:2      | Found a faded altar of an unknown god.
  1731 | D:3      | Found a sacrificial altar of Ru.
  1786 | D:3      | Reached XP level 4. HP: 35/35 MP: 4/4
  1866 | D:3      | Noticed Terence
  1871 | D:3      | Mangled by Terence

Illustrated notes

Levels and vault maps discovered:
D:1:      dpeg_arrival_boxorama, layout_loops_ring, serial_shops, shop
D:2:      layout_loops_ring, shapermc_ecumenical_altar_petra
D:3:      layout_basic, nicolae_ru_sacrificial_ziggurat, grunt_decor_one_mirror,
          uniq_terence

Skill      XL: |  1  2  3 |
---------------+----------+-----
Axes           | 2 3 |  3.1
Dodging        | 1 |  1.4
Fighting       | |  3.5
Armour         | |  2.6
Shields        | |  2.6

Action                     |  1- 3 |  4- 6 || total
---------------------------+-------+-------++-------
  Melee: War axe           |   127 |    16 ||   143
    Use: Scroll            |     3 |       ||     3
         Potion            |     1 |       ||     1
 Armour: Scale mail        |    84 |    12 ||    96
  Dodge: Dodged            |    73 |     8 ||    81
  Block: Buckler           |    23 |     1 ||    24

Table legend: (Time is in decaauts)
 A = Elapsed time spent in this place.
 B = Non-inter-level travel time spent in this place.
 C = Inter-level travel time spent in this place.
 D = Time resting spent in this place.
 E = Time spent auto-exploring this place.
 F = Levels seen in this place.
 G = Mean time per level.
                   A        B        C        D        E       F      G
               +--------+--------+--------+--------+--------+-----+--------+
         Total |   1928 |   1838 |     90 |      0 |   1479 |   3 |  642.7 |
       Dungeon |   1928 |   1838 |     90 |      0 |   1479 |   3 |  642.7 |
               +--------+--------+--------+--------+--------+-----+--------+

Top non-repeatable levels by time:
     D:1: 982 daAuts
     D:2: 761 daAuts
     D:3: 184 daAuts
